 Dungeon Crawl Stone Soup version 0.26-a0-812-g31a745ddcd (webtiles) character file.

Game seed: 8554862905275468123

3651 mhoghedin the Artisan of Death (level 9, -6/71 HPs)
             Began as a Mummy Necromancer on Nov 18, 2020.
             Was a Priest of Kikubaaqudgha.
             Mangled by an orc warrior
             ... wielding a +0 trident
              (24 damage)
             ... in a bailey.
             The game lasted 00:30:48 (12071 turns).

mhoghedin the Artisan of Death (Mummy Necromancer) Turns: 12071, Time: 00:30:48

Health: -6/71      AC:  8    Str: 19    XL:     9   Next: 88%
Magic:  12/19      EV: 16    Int: 17    God:    Kikubaaqudgha [***...]
Gold:   989        SH:  0    Dex: 13    Spells: 1/21 levels left

rFire    . . .     SeeInvis .   i - +7 whip (pain)
rCold    + . .     Faith    +   (no shield)
rNeg     + + +     Spirit   .   a - +1 robe
rPois    ∞         Reflect  .   e - +2 helmet
rElec    .         Harm     .   v - +1 cloak "Laoref" {Str+8 Stlth-}
rCorr    .         Rampage  .   (no gloves)
MR       +....                  (no boots)
Stlth    +.........             s - amulet of faith {Faith, !P}
HPRegen  0.21/turn              j - ring of protection from fire (curse) {rF+, !d}
MPRegen  0.16/turn              d - +4 ring of evasion

@: studying Staves
A: no potions, fire vulnerability, cold resistance 1, negative energy resistance
3, torment resistance, unbreathing
a: Receive Corpses, Renounce Religion


You were in a bailey.
You worshipped Kikubaaqudgha.
Kikubaaqudgha was most pleased with you.
You visited 2 branches of the dungeon, and saw 10 of its levels.
You also visited: Sewer, Ossuary and Bailey.

You collected 1259 gold pieces.
You spent 270 gold pieces at shops.

Inventory:

Hand Weapons
 i - a +7 whip of pain (weapon)
   (You took it off a kobold on level 1 of the Dungeon)
 q - a +4 eveningstar of protection
   (You acquired it on level 6 of the Dungeon)
Missiles
 w - a throwing net {=f, !d}
Armour
 a - a +1 robe (worn)
 e - a +2 helmet (worn)
   (You found it on level 3 of the Dungeon)
 v - the +1 cloak "Laoref" (worn) {Str+8 Stlth-}
   (You found it on level 8 of the Dungeon)

   It affects your strength (+8).
   It makes you less stealthy.
Jewellery
 d - a +4 ring of evasion (right hand)
   (You found it on level 5 of the Dungeon)
 j - a cursed ring of protection from fire (left hand) {rF+, !d}
   (You found it on level 4 of the Dungeon)
 s - an amulet of faith (around neck) {Faith, !P}
   (You found it on level 6 of the Dungeon)
 t - a +4 ring of evasion
   (You found it on level 7 of the Dungeon)
Wands
 c - a wand of polymorph (8)
   (You found it on level 9 of the Dungeon)
 m - a wand of digging (6)
   (You found it in an ossuary)
 n - a wand of enslavement (21)
   (You found it in an ossuary)
 u - a wand of paralysis (2)
   (You found it on level 7 of the Dungeon)
Scrolls
 b - 4 scrolls of immolation {!r}
 f - 2 scrolls of magic mapping {!r}
 h - 4 scrolls of teleportation
 k - 3 scrolls of blinking {!r}
 l - 4 scrolls of identify
 o - 8 scrolls of remove curse
 p - 4 scrolls of amnesia
Books
 g - a manual of Staves {!d}
   (You found it on level 8 of the Dungeon)


   Skills:
 - Level 6.6 Fighting
 - Level 5.7 Maces & Flails
 - Level 1.7 Dodging
 - Level 1.7 Stealth
 + Level 6.9 Spellcasting
 - Level 9.7 Necromancy


You had one spell level left.
You knew the following spells:

 Your Spells              Type           Power        Failure   Level
a - Pain                  Necr           ####         1%          1
b - Animate Dead          Necr           #####.....   2%          4
c - Agony                 Necr           #####...     6%          5
d - Corpse Rot            Necr/Air       N/A          2%          2
e - Dispel Undead         Necr           #####...     2%          4
x - Vampiric Draining     Necr           #####.....   1%          3
A - Animate Skeleton      Necr           #####.       1%          1

Your spell library contained the following spells:

 Spells                   Type           Power        Failure   Level
 Sandblast                Erth           #.....       12%         1
 Summon Small Mammal      Summ           #...         12%         1
 Excruciating Wounds      Necr           #####.....   6%          5
 Call Imp                 Summ           #.......     19%         2
 Passwall                 Tmut/Erth      #.......     19%         2
 Call Canine Familiar     Summ           #.......     34%         3
 Stone Arrow              Conj/Erth      #.....       34%         3
 Summon Guardian Golem    Hex/Summ       #.......     34%         3
 Petrify                  Tmut/Erth      #.......     75%         4
 Summon Ice Beast         Ice/Summ       #.......     75%         4
 Summon Lightning Spire   Summ/Air       #.......     75%         4
 Simulacrum               Ice/Necr       ###.......   94%         6
 Lee's Rapid Deconstruct  Erth           #.........   97%         5


Dungeon Overview and Level Annotations

Branches:
Dungeon (9/15)             Temple (1/1) D:5           Sewer (visited)
Ossuary (visited)          Bailey (1/1)
   Lair: D:8-11         Orc: D:9-12

Altars:
Ashenzari
Cheibriados
Dithmenos
Elyvilon
Fedhas
Gozag
Hepliaklqana
Kikubaaqudgha
Makhleb
Nemelex Xobeh
Okawaru
Qazlal
Ru
Sif Muna
Trog
Uskayaw
Vehumet
Wu Jian
Xom
Yredelemnul
Zin
The Shining One

Shops:
D:4 }   D:6 ?

Annotations:
D:5 3 runed translucent doors, p0werm0de's ghost, amateur DDFi
D:6 2 transporters, dmks's ghost, novice DsGl


Innate Abilities, Weirdness & Mutations

You do not drink.
Your flesh is vulnerable to fire.
You are immune to poison.
Your flesh is cold resistant. (rC+)
You are immune to negative energy. (rN+++)
You are immune to unholy pain and torment.
You can survive without breathing.


Message History

There is a flagged portal here.
You take 6 damage, and have 34/71 hp.
You can't see any susceptible monsters within range! (Use Z to cast anyway.) Unknown command.
Okay, then.
Unknown command.
Kikubaaqudgha delivers you corpses! Something barely misses you.
You now have 6/19 mp.
Unknown command.
Okay, then.
Unknown command.
You call on the dead to rise...
The dead are walking and crawling!
Something hits you. Something shocks you.
You take 9 damage, and have 25/71 hp.
You now have 2/19 mp.
As you read the scroll of teleportation, it crumbles to dust.
You feel strangely unstable. Something hits you but does no damage.
You swap places.
Something barely misses you.
Your worker ant zombie bites something but does no damage.
Your surroundings suddenly seem different.
There is a stone staircase leading up here.
You climb upwards.
Reactivating autopickup.
There is a stone staircase leading down here.
You start resting.
Health restored: 71; MP restored: 19
There is a stone staircase leading down here.
You climb downwards.
You hear the roar of battle.
There is an entrance to a bailey on this level.
Hurry and find it before the portal closes forever!
You hear the quick creaking of a portcullis nearby.
There is a stone staircase leading up here.
You see here 3 scrolls of amnesia.
The sky beast hits you but does no damage.
You barely miss the sky beast.
The sky beast hits you but does no damage.
You closely miss the sky beast. The sky beast barely misses you.
You closely miss the sky beast. You closely miss the sky beast.
The sky beast misses you.
You hit the sky beast.
The sky beast writhes in agony!
The sky beast hits you but does no damage.
You closely miss the sky beast. The sky beast barely misses you.
You hit the sky beast.
The sky beast flickers out of sight!
Deactivating autopickup; reactivate with Ctrl-A.
Something hits you but does no damage.
You whack something! Kikubaaqudgha accepts your kill.
Reactivating autopickup.
You feel a bit more experienced.
p - 4 scrolls of amnesia (gained 3)
You see here a sky beast corpse.
This spell is dangerous to cast!
Memorise Dispel Undead, consuming 4 spell levels and leaving 1?
You start memorising the spell.
You continue memorising. x4
You finish memorising.
Spell assigned to 'e'.
Okay, then.
r - 2 scrolls of enchant weapon
As you read the scroll of enchant weapon, it crumbles to dust.
Your +5 whip of pain glows red for a moment.
As you read the scroll of enchant weapon, it crumbles to dust.
Your +6 whip of pain glows red for a moment.
There is a flagged portal here.
The world spins around you as you enter the gateway.
You enter a bailey! 6 orc warriors come into view.
The orc warrior shouts! x6; You hear a shout! x3
Found two gates leading back out of this place.
There is an empty arch of ancient stone here. 2 orcs and 2 orc warriors come into view.
The orc warrior shouts! x2; The orc shouts!
Found two gates leading back out of this place.
The orc warrior barely misses you.
The orc warrior hits you with a +0 halberd!
You take 9 damage, and have 62/71 hp.
You closely miss the orc warrior.
The orc warrior hits you from afar with a +0 halberd!
The orc warrior closely misses you.
You take 12 damage, and have 50/71 hp.
The orc warrior hits you but does no damage.
The orc warrior completely misses you. The orc warrior misses you.
There is a gate leading back out of this place here.
Kikubaaqudgha delivers you a corpse! The orc warrior misses you.
The orc warrior barely misses you.
You now have 16/19 mp.
You call on the dead to rise...
The dead are walking!
The orc warrior hits you but does no damage.
The orc warrior hits you from afar with a +0 halberd!
You take 16 damage, and have 35/71 hp.
MASSIVE DAMAGE!!
You now have 12/19 mp.
The orc warrior hits you with a +0 trident!
* * * LOW HITPOINT WARNING * * *
You take 17 damage, and have 18/71 hp.
MASSIVE DAMAGE!!
The orc warrior closely misses you.
Your gnoll zombie barely misses the orc warrior.
The orc warrior hits you from afar with a +0 trident!!
You die...
Kikubaaqudgha rasps: "You have failed me!
Welcome... oblivion!"

#### ##∩## ######
....##.∩.##.....#
≈≈≈..#...#..≈≈≈..
≈o≈≈.......≈≈o≈≈.
.oo≈.......≈oo.≈.
≈o≈≈.......≈≈o≈≈.
≈≈≈..#.oo#..≈≈≈..
....##..Z##.....#
#### ##@## ######
###


You could see 2 orc warriors and a friendly gnoll zombie.

Vanquished Creatures
  A centaur warrior (D:8)
  A two-headed ogre (D:8)
  A troll (D:8)
  Prince Ribbit (D:8)
  2 sky beasts
  An orc warrior (D:9)
  A necrophage (D:8)
  A phantom (D:8)
  An ogre (D:8)
  2 centaurs (D:8)
  2 bullfrogs
  A gnoll sergeant (D:9)
  A howler monkey (D:3)
  An electric eel (D:7)
  A centaur zombie (D:5)
  A jelly (D:8)
  5 hounds
  5 orc priests
  4 orc wizards
  A centaur skeleton (D:7)
  2 iguanas
  Natasha (twice) (D:2)
  A merfolk siren (Sewer)
  4 worker ants
  A merfolk avatar (Sewer)
  2 worker ant zombies
  5 gnolls (D:9)
  A howler monkey skeleton (D:4)
  14 adders
  2 river rats (Sewer)
  2 shadow imps (D:5)
  2 white imps
  An ooze (D:3)
  An adder zombie (Ossuary)
  4 worms
  A dart slug (D:5)
  9 leopard geckos
  22 orcs
  4 bats (D:1)
  10 giant cockroaches
  4 goblins
  10 hobgoblins
  9 jackals
  12 kobolds
  3 quokkas
  4 ball pythons (Sewer)
  A ball python skeleton (Ossuary)
  4 frilled lizards
  2 hobgoblin skeletons (Ossuary)
  2 hobgoblin zombies (Ossuary)
  A kobold zombie (Ossuary)
  A leopard gecko skeleton (D:4)
  A leopard gecko zombie (D:5)
  An orc skeleton (Ossuary)
  2 orc zombies (Ossuary)
  A quokka skeleton (D:6)
  A quokka zombie (D:6)
  26 rats
209 creatures vanquished.

Vanquished Creatures (collateral kills)
  A ball python (Sewer)
  4 rats (Sewer)
5 creatures vanquished.

Grand Total: 214 creatures vanquished

Notes
Turn   | Place    | Note
-------+----------+-------------------------------------------
     0 | D:1      | mhoghedin the Mummy Necromancer began the quest for the
                  | Orb.
     0 | D:1      | Reached XP level 1. HP: 13/13 MP: 4/4
   236 | D:1      | Reached skill level 3 in Spellcasting
   238 | D:1      | Reached XP level 2. HP: 19/19 MP: 0/6
   552 | D:1      | Learned a level 1 spell: Animate Skeleton
  1171 | D:2      | Reached XP level 3. HP: 14/24 MP: 0/8
  1421 | D:2      | Found a radiant altar of Vehumet.
  1653 | D:2      | Noticed Natasha
  1736 | D:2      | Reached skill level 4 in Spellcasting
  1997 | D:2      | Reached XP level 4. HP: 27/30 MP: 3/10
  2002 | D:2      | Learned a level 3 spell: Vampiric Draining
  2499 | D:3      | Learned a level 4 spell: Animate Dead
  2549 | D:3      | Reached skill level 5 in Necromancy
  2707 | D:3      | Reached XP level 5. HP: 25/35 MP: 12/12
  3168 | D:3      | Reached skill level 5 in Spellcasting
  3236 | D:3      | HP: 8/35 [water moccasin skeleton (2)]
  3481 | D:3      | Learned a level 5 spell: Agony
  3784 | D:2      | Killed Natasha
  3831 | D:2      | Noticed Natasha
  3838 | D:2      | Killed Natasha
  4422 | D:4      | Reached skill level 6 in Necromancy
  4577 | D:4      | Found a sand-covered staircase.
  4590 | Ossuary  | Entered an ossuary
  4701 | Ossuary  | Reached XP level 6. HP: 41/41 MP: 13/13
  4736 | Ossuary  | Noticed a flying skull
  4736 | Ossuary  | Noticed a wraith
  4748 | Ossuary  | Noticed a flying skull
  4775 | Ossuary  | Noticed a flying skull
  4776 | Ossuary  | Noticed a flying skull
  5179 | D:4      | Found Jugosem's Gadget Shoppe.
  5875 | D:5      | Entered Level 5 of the Dungeon
  5939 | D:5      | Found a staircase to the Ecumenical Temple.
  5960 | Temple   | Entered the Ecumenical Temple
  6099 | Temple   | Became a worshipper of Kikubaaqudgha
  6456 | D:5      | Found a glowing drain.
  6479 | Sewer    | Entered a sewer
  6585 | Sewer    | Reached skill level 7 in Necromancy
  6670 | Sewer    | Reached * piety under Kikubaaqudgha
  6670 | Sewer    | Identified Kikubaaqudgha's Handbook of Sinister Arts
                  | (Kikubaaqudgha gifted it to you in a sewer)
  6670 | Sewer    | Received a gift from Kikubaaqudgha
  6683 | Sewer    | HP: 10/41 [river rat (8)]
  6694 | Sewer    | HP: 5/41 [frilled lizard (3)]
  6699 | Sewer    | HP: 3/41 [frilled lizard (3)]
  7018 | Sewer    | Reached skill level 1 in Maces & Flails
  7249 | Sewer    | Reached XP level 7. HP: 47/47 MP: 7/14
  7479 | D:5      | Reached skill level 1 in Fighting
  7526 | D:5      | Reached ** piety under Kikubaaqudgha
  7805 | D:5      | Found a runed translucent gate.
  7805 | D:5      | Found a runed translucent gate.
  7807 | D:5      | Found a runed translucent gate.
  7808 | D:5      | Noticed p0werm0de's ghost (amateur DDFi)
  7808 | D:5      | Identified the +10 whip of Kuirhis {chaos, rF+}
  7876 | D:5      | Reached skill level 2 in Fighting
  7876 | D:5      | Reached skill level 2 in Maces & Flails
  8173 | D:6      | Found a transporter.
  8174 | D:6      | Noticed a hornet
  8178 | D:6      | Noticed dmks's ghost (novice DsGl)
  8824 | D:6      | Found a transporter.
  8858 | D:6      | Found Zuecekk's Magic Scroll Shoppe.
  8861 | D:6      | Bought a scroll of enchant weapon for 90 gold pieces
  8861 | D:6      | Bought a scroll of enchant weapon for 90 gold pieces
  8861 | D:6      | Bought a scroll of enchant weapon for 90 gold pieces
  8865 | D:6      | Identified a scroll of acquirement
  8865 | D:6      | Acquired a +4 eveningstar of protection
  9541 | D:7      | Reached skill level 3 in Fighting
  9720 | D:7      | Learned a level 2 spell: Corpse Rot
  9751 | D:8      | Noticed a two-headed ogre
  9759 | D:8      | Got a twisted cloak
  9770 | D:8      | Killed a two-headed ogre
  9770 | D:8      | Reached skill level 4 in Fighting
  9770 | D:8      | Reached skill level 3 in Maces & Flails
  9770 | D:8      | Reached skill level 8 in Necromancy
  9770 | D:8      | Reached XP level 8. HP: 59/60 MP: 4/15
  9966 | D:8      | Reached skill level 4 in Maces & Flails
 10268 | D:8      | Identified the +1 cloak "Laoref" {Str+8 Stlth-} (You found
                  | it on level 8 of the Dungeon)
 10299 | D:8      | Noticed Prince Ribbit
 10329 | D:8      | Killed Prince Ribbit
 10329 | D:8      | Reached skill level 5 in Fighting
 10335 | D:8      | Reached XP level 9. HP: 21/68 MP: 14/16
 10847 | D:8      | Reached skill level 9 in Necromancy
 11030 | D:8      | Noticed a centaur warrior
 11304 | D:8      | Noticed a troll
 11309 | D:8      | Killed a troll
 11309 | D:8      | Reached skill level 5 in Maces & Flails
 11436 | D:8      | Killed a centaur warrior
 11436 | D:8      | Reached skill level 6 in Fighting
 11582 | D:9      | Reached *** piety under Kikubaaqudgha
 11582 | D:9      | Identified Kikubaaqudgha's Reference Book on Unholy Arts
                  | (Kikubaaqudgha gifted it to you on level 9 of the Dungeon)
 11582 | D:9      | Received a gift from Kikubaaqudgha
 11605 | D:9      | Acquired 553 gold pieces
 11658 | D:9      | Found a flagged portal.
 11729 | D:9      | Reached skill level 6 in Spellcasting
 12043 | D:9      | Learned a level 4 spell: Dispel Undead
 12057 | Bailey   | Entered a bailey
 12071 | Bailey   | Mangled by an orc warrior

Illustrated notes

Levels and vault maps discovered:
D:1:      wheals_arrival_shading, layout_loops_ring
D:2:      layout_basic, fiery_altar_vehumet, uniq_natasha
D:3:      layout_loops_ring
D:4:      layout_loops_ring, serial_shops, shop, nicolae_ossuary_entry_ruins
D:5:      layout_basic, minmay_temple_entry_offerings, portal_sewer_entry_d,
          gammafunk_ghost_nasty_kobolds, grunt_decor_junction,
          corexii_item_surrounded_by_moat
D:6:      layout_loops_corners, serial_rivers, chequers_serial_rivers_micro_c,
          chequers_serial_rivers_small_b, chequers_serial_rivers_marsh,
          chequers_serial_rivers_marsh, chequers_serial_rivers_small_b,
          gammafunk_ghost_arena, serial_shops, kennysheep_mini_moat
D:7:      layout_rooms, minivault_14, skrybe_limestone_x
D:8:      layout_rooms, minmay_manual_macuahuitl, uniq_prince_ribbit1
D:9:      layout_long_grid, enter_bailey_6
Temple:   minmay_crystal_snake_temple
Bailey:   bailey_polearm_4, bailey

Skill      XL: |  1  2  3  4  5  6  7  8  9 |
---------------+----------------------------+-----
Spellcasting   | 3 4 5 6 |  6.9
Necromancy     | 5 6 7 8 9 |  9.7
Maces & Flails | 1 3 4 5 |  5.7
Fighting       | 4 5 6 |  6.6
Dodging        | |  1.7
Stealth        | |  1.7

Action                   |  1- 3 |  4- 6 |  7- 9 || total
-------------------------+-------+-------+-------++-------
Melee: Unarmed           |    11 |       |       ||    11
       Short sword       |     7 |       |       ||     7
       Whip              |    10 |   260 |   226 ||   496
       Eveningstar       |       |       |    13 ||    13
 Cast: Pain              |    65 |    48 |     7 ||   120
       Animate Dead      |       |    10 |     9 ||    19
       Vampiric Draining |       |    13 |    18 ||    31
       Animate Skeleton  |       |     1 |     1 ||     2
       Corpse Rot        |       |       |     1 ||     1
       Agony             |       |       |     1 ||     1
Invok: Receive Corpses   |       |       |     4 ||     4
Evoke: Wand              |       |       |     9 ||     9
  Use: Scroll            |     2 |    14 |    17 ||    33
 Stab: Sleeping          |     1 |     9 |     1 ||    11
       Paralysed         |       |       |     9 ||     9
Armor: Robe              |    10 |    77 |    67 ||   154
Dodge: Dodged            |    40 |   178 |   197 ||   415

Table legend: (Time is in decaauts)
 A = Elapsed time spent in this place.
 B = Non-inter-level travel time spent in this place.
 C = Inter-level travel time spent in this place.
 D = Time resting spent in this place.
 E = Time spent auto-exploring this place.
 F = Levels seen in this place.
 G = Mean time per level.
                   A        B        C        D        E       F      G
               +--------+--------+--------+--------+--------+-----+--------+
         Total |  12148 |  11819 |    329 |   2970 |   6285 |  13 |  934.5 |
       Dungeon |  10709 |  10387 |    322 |   2598 |   5818 |   9 | 1189.9 |
        Temple |    200 |    193 |      7 |      0 |    178 |   1 |  200.0 |
         Sewer |    915 |    915 |      0 |    372 |    210 |   1 |  915.0 |
       Ossuary |    309 |    309 |      0 |      0 |     79 |   1 |  309.0 |
        Bailey |     13 |     13 |      0 |      0 |      0 |   1 |   13.0 |
               +--------+--------+--------+--------+--------+-----+--------+

Top non-repeatable levels by time:
     D:8: 1852 daAuts
     D:2: 1607 daAuts
     D:3: 1595 daAuts
     D:4: 1221 daAuts
     D:5: 1168 daAuts
     D:1: 1158 daAuts
     D:7: 996 daAuts
   Sewer: 915 daAuts
     D:6: 856 daAuts
 Ossuary: 309 daAuts
     D:9: 251 daAuts
  Temple: 200 daAuts
  Bailey: 13 daAuts

Table legend:
 A = Kills in this place as a percentage of kills in entire the game.
 B = Kills by you in this place as a percentage of kills by you in the entire game.
 C = Kills by friends in this place as a percentage of kills by friends in the entire game.
 D = Other kills in this place as a percentage of other kills in the entire game.
 E = Experience gained in this place as a percentage of experience gained in the entire game.
 F = Experience gained in this place divided by the number of levels of this place that you have seen.
                   A       B       C       D       E      F
               +-------+-------+-------+-------+-------+----------------------
         Total | 100.0 | 100.0 | 100.0 |   N/A | 100.0 | 401.3
       Dungeon |  76.2 |  78.0 |   0.0 |   N/A |  96.4 | 558.9
         Sewer |  19.2 |  17.2 | 100.0 |   N/A |   3.3 | 173.0
       Ossuary |   4.7 |   4.8 |   0.0 |   N/A |   0.3 |  14.0
               +-------+-------+-------+-------+-------+----------------------
